 Dungeon Crawl Stone Soup version 0.28-a0-1435-g82390b3a13 (webtiles) character file.

Game seed: 3521910472644309638

352 Hasart the Poker (level 6, -1/43 HPs)
             Began as an Octopode Fighter on Jan 9, 2022.
             Slain by an ice beast (11 damage)
             ... on level 4 of the Dungeon.
             The game lasted 00:05:38 (4457 turns).

Hasart the Poker (Octopode Fighter)                 Turns: 4457, Time: 00:05:39

Health: -1/43      AC:  1    Str: 18    XL:     6   Next: 62%
Magic:  6/6        EV: 13    Int: 10    God:
Gold:   205        SH:  4    Dex: 11    Spells: 5/5 levels left

rFire   . . .      SeeInvis .   a - +0 trident
rCold   . . .      Faith    .   b - +0 buckler
rNeg    . . .      Spirit   .   (helmet restricted)
rPois   .          Reflect  .   (no amulet)
rElec   .          Harm     .   (no ring)
rCorr   .          Rampage  .   (no ring)
Will    .....                   (no ring)
Stlth   ++........              (no ring)
HPRegen 0.14/turn               (no ring)
MPRegen 0.10/turn               (no ring)
                                (no ring)
                                (no ring)

@: no status effects
A: almost no armour, amphibious, 8 rings, camouflage 1, gelatinous body 1,
(nimble swimmer 1), tentacles
a: no special abilities


You were on level 4 of the Dungeon.
You visited 1 branch of the dungeon, and saw 4 of its levels.
You also visited: Sewer.

You collected 205 gold pieces.

Inventory:

Hand Weapons
 a - a +0 trident (weapon)
Missiles
 o - a boomerang (quivered)
 r - 2 throwing nets
Armour
 b - a +0 buckler (worn)
Wands
 t - a wand of iceblast (11)
Scrolls
 d - a scroll of magic mapping {unknown}
 e - a scroll of immolation {unknown}
 g - 2 scrolls of blinking {unknown}
 h - 2 scrolls of fog {unknown}
 i - 3 scrolls of identify {unknown}
 k - 2 scrolls of teleportation {unknown}
 l - a scroll of enchant weapon {unknown}
 s - a scroll of fear {unknown}
Potions
 c - 2 potions of might
 f - a potion of curing {unknown}
 j - a potion of heal wounds {unknown}
 m - a potion of resistance {unknown}
 n - a potion of mutation {unknown}
 p - a potion of degeneration {unknown}
 q - a potion of berserk rage {unknown}


   Skills:
 + Level 4.1 Fighting
 * Level 4.5 Polearms
 + Level 0.1 Throwing
 + Level 4.1 Dodging
 + Level 4.1 Shields


You had 5 spell levels left.
You didn't know any spells.
Your spell library was empty.

Dungeon Overview and Level Annotations

Branches:
Dungeon (4/15)              Sewer (visited)
 Temple: D:4-7

Altars:

Shops:
D:4 [

Annotations:
D:2 1 runed translucent door, Crazy Yiuf


Innate Abilities, Weirdness & Mutations

You cannot wear most types of armour.
You are amphibious.
You can wear up to eight rings at the same time.
Your skin changes colour to match your surroundings (Stealth+).
Your rubbery body absorbs attacks. (AC +1, EV +1)
((You are camouflaged when in or above water. (Stealth+)))
You have tentacles for arms and can constrict up to eight enemies at once.


Message History

No target in view!
An ice beast comes into view.
An ice beast is nearby!
Found 10 gold pieces.
Throw: boomerang
Press: ? - help, Q - select action, (/) - cycle Shift-Dir - straight line, f - ice beast
Aim: an ice beast (57% to hit)
You throw a boomerang.
The boomerang hits the ice beast but does no damage.
Throw: boomerang
Press: ? - help, Q - select action, (/) - cycle Shift-Dir - straight line, f/p - ice beast
Aim: an ice beast (57% to hit)
You throw a boomerang.
The boomerang hits the ice beast but does no damage.
Unknown command.
Throw: boomerang
Press: ? - help, Q - select action, (/) - cycle Shift-Dir - straight line, f/p - ice beast
Aim: an ice beast (57% to hit)
You throw a boomerang. The boomerang hits the ice beast.
The ice beast is lightly wounded.
You barely miss the ice beast.
The ice beast is lightly wounded.
The ice beast hits you. The ice beast freezes you. The ice beast hits you.
The ice beast freezes you!
You closely miss the ice beast.
The ice beast is lightly wounded.
You block the ice beast's attack.
You hit the ice beast.
You squeeze the ice beast, but do no damage.
The ice beast is lightly wounded.
The ice beast misses you.
You puncture the ice beast!
The ice beast is heavily wounded.
The ice beast hits you. The ice beast freezes you.
You hit the ice beast but do no damage.
The ice beast is heavily wounded.
The ice beast hits you.
* * * LOW HITPOINT WARNING * * *
The ice beast freezes you!
You die...

#.##.# #.##.# #.##.####
#.##.#$.# #.##.#..# #
#.##.#..#.###
.###########.##.#.......
.#...........##.#.......
.#.############.@Y# .#.#
##..# .#.# ##.... .#.#
###+# .#.# ...# .### .#
.# ############


You could see an ice beast.

Vanquished Creatures
  A kobold brigand (Sewer)
  Jessica (D:2)
  11 adders
  6 river rats
  5 worms (D:3)
  7 orcs
  4 bats
  7 endoplasms
  7 giant cockroaches
  6 goblins
  4 hobgoblins
  A jackal (Sewer)
  3 quokkas
  9 ball pythons
  5 frilled lizards
  6 kobolds
  9 rats
92 creatures vanquished.

Vanquished Creatures (others)
  4 plants (Sewer)
4 creatures vanquished.

Grand Total: 96 creatures vanquished

Notes
Turn   | Place    | Note
-------+----------+-------------------------------------------
     0 | D:1      | Hasart the Octopode Fighter began the quest for the Orb.
     0 | D:1      | Reached XP level 1. HP: 16/16 MP: 1/1
   109 | D:1      | Reached XP level 2. HP: 7/21 MP: 2/2
   842 | D:2      | Reached XP level 3. HP: 19/26 MP: 3/3
  1082 | D:2      | Noticed Jessica
  1098 | D:2      | Killed Jessica
  1291 | D:2      | Reached XP level 4. HP: 31/31 MP: 4/4
  1409 | D:2      | Found a runed translucent door.
  1410 | D:2      | Noticed Crazy Yiuf
  1536 | D:2      | You fall into a shaft and drop 2 floors!
  2108 | D:3      | Reached XP level 5. HP: 20/36 MP: 5/5
  2134 | D:3      | Found a glowing drain.
  2138 | Sewer    | Entered a sewer
  2426 | Sewer    | Noticed a kobold brigand
  2436 | Sewer    | Killed a kobold brigand
  2437 | Sewer    | Reached XP level 6. HP: 34/43 MP: 6/6
  4327 | D:4      | Found Radumioz's Armour Boutique.
  4448 | D:4      | Noticed an ice beast
  4457 | D:4      | Slain by an ice beast

Illustrated notes

Levels and vault maps discovered:
D:1:      minmay_arrival_three_doors, layout_rooms,
          shapermc_ecumenical_altar_petra, minmay_worlds_worst_comb
D:2:      layout_loops_ring, kennysheep_donut, serial_bayou_lagoon_a,
          uniq_crazy_yiuf_cottage, uniq_jessica
D:3:      layout_basic, lightli_sewer_entry_pipes, serial_aquarium,
          aquarium_bridge_long_separate [aquarium_subvault_window,
          aquarium_subvault_window, aquarium_subvault_bridge,
          aquarium_subvault_window, aquarium_subvault_bridge,
          aquarium_subvault_window], aquarium_window_corridor_1,
          aquarium_window_1, aquarium_window_2, aquarium_view_2f,
          aquarium_view_2d, columned_hall_lemuel
D:4:      layout_basic, serial_shops, shop_coins, minmay_manual_monolith

Skill      XL: |  1  2  3  4  5  6 |
---------------+-------------------+-----
Polearms       | 3 4 |  4.5
Dodging        | 4 |  4.1
Shields        | 4 |  4.1
Fighting       | 4 |  4.1
Throwing       | |  0.1

Action                   |  1- 3 |  4- 6 || total
-------------------------+-------+-------++-------
Melee: Trident           |    53 |   141 ||   194
       Tentacles         |     7 |    19 ||    26
       Constrict         |     5 |    34 ||    39
       Punch             |     1 |     3 ||     4
Throw: Boomerang         |       |     3 ||     3
 Stab: Sleeping          |    10 |    12 ||    22
Armor: Skin              |     3 |     3 ||     6
Dodge: Dodged            |    15 |    53 ||    68
Block: Buckler           |     4 |    12 ||    16

Table legend: (Time is in decaauts)
 A = Elapsed time spent in this place.
 B = Non-inter-level travel time spent in this place.
 C = Inter-level travel time spent in this place.
 D = Time resting spent in this place.
 E = Time spent auto-exploring this place.
 F = Levels seen in this place.
 G = Mean time per level.
                   A        B        C        D        E       F      G
               +--------+--------+--------+--------+--------+-----+--------+
         Total |   4495 |   4412 |     83 |    365 |   3286 |   5 |  899.0 |
       Dungeon |   3491 |   3408 |     83 |    232 |   2606 |   4 |  872.8 |
         Sewer |   1004 |   1004 |      0 |    133 |    680 |   1 | 1004.0 |
               +--------+--------+--------+--------+--------+-----+--------+

Top non-repeatable levels by time:
     D:3: 1080 daAuts
   Sewer: 1004 daAuts
     D:4: 858 daAuts
     D:2: 812 daAuts
     D:1: 739 daAuts
